 Dungeon Crawl Stone Soup version 0.29-a0-887-gcbe080d7e0 (webtiles) character file.

Game seed: 1951531492860348419

1271 concernfroge the Fighter (level 8, -9/72 HPs)
             Began as a Mummy Monk on July 21, 2022.
             Was an Initiate of Gozag.
             Mangled by Duvessa
             ... wielding a +2 short sword of draining
              (11 damage)
             ... on level 6 of the Dungeon.
             The game lasted 00:12:37 (4932 turns).

concernfroge the Fighter (Mummy Monk)               Turns: 4932, Time: 00:12:39

Health: -9/72      AC:  9    Str: 23    XL:     8   Next: 28%
Magic:  8/8        EV: 11    Int: 10    God:    Gozag
Gold:   332        SH:  0    Dex: 14    Spells: 7/7 levels left

rFire   x . .      SeeInvis .   d - +10 mace of Histrionic Exoneration {vorpal, rC+ Str+3}
rCold   + + .      Faith    .   (no shield)
rNeg    + + +      Spirit   .   g - +3 ring mail of Lesser Demons {Str+4}
rPois   ∞          Reflect  .   (no helmet)
rElec   .          Harm     .   k - +0 cloak
rCorr   .          Rampage  .   (no gloves)
Will    +....                   (no boots)
Stlth   +.........              (no amulet)
HPRegen 0.22/turn               (no ring)
MPRegen 0.11/turn               (no ring)

@: lit by a corona, gold aura, glowing
A: cold resistance 1, negative energy resistance 3, torment resistance 2, heat
vulnerability 1, in touch with death 1, no potions
a: Renounce Religion, Potion Petition, Call Merchant, Bribe Branch


You were on level 6 of the Dungeon.
You worshipped Gozag.
Gozag was aware of your devotion.
You visited 2 branches of the dungeon, and saw 7 of its levels.

You collected 332 gold pieces.

Inventory:

Hand Weapons
 d - the +10 mace of Histrionic Exoneration (weapon) {vorpal, rC+ Str+3}
   (You found it on level 2 of the Dungeon)

   It inflicts extra damage upon your enemies.
   Str:       It affects your strength (+3).
   rC:        It protects you from cold.
Armour
 f - a +1 chain mail
 g - the +3 ring mail of Lesser Demons (worn) {Str+4}
   (You found it on level 4 of the Dungeon)

   Str:       It affects your strength (+4).
 k - a +0 cloak (worn)
Wands
 c - a wand of polymorph (14)
Scrolls
 a - 3 scrolls of immolation
 b - a scroll of enchant weapon
 e - a scroll of teleportation
 h - 4 scrolls of identify
 i - a scroll of magic mapping
 j - a scroll of blinking


   Skills:
 - Level 10.0 Fighting
 + Level 2.5 Maces & Flails
 - Level 2.4 Polearms
 - Level 2.4 Dodging
 - Level 1.5 Stealth


You had 7 spell levels left.
You didn't know any spells.
Your spell library was empty.

Dungeon Overview and Level Annotations

Branches:
Dungeon (6/15)             Temple (1/1) D:4

Altars:
Ashenzari
Dithmenos
Gozag
Makhleb
Nemelex Xobeh
Okawaru
Qazlal
Ru
Sif Muna
Uskayaw
Wu Jian
Xom
Yredelemnul

Shops:
D:5 ?

Annotations:
D:4 3 runed translucent doors, IdlyInterested's ghost, amateur DsWn; gdog's ghost, weakling GnDe
D:6 Duvessa


Innate Abilities, Weirdness & Mutations

You are immune to poison.
Your flesh is cold resistant. (rC+)
You are immune to negative energy. (rN+++)
You are immune to unholy pain and torment.
You are vulnerable to heat. (rF-)
You are in touch with the powers of death.
You do not drink.


Message History

Dowan hits you but does no damage.
You closely miss Dowan.
Dowan is moderately wounded.
Duvessa barely misses you.
Duvessa hits you with a +2 short sword of draining.
Dowan gestures wildly while chanting.
Dowan blinks!
You sock Dowan!
Dowan is almost dead.
Duvessa hits you with a +2 short sword of draining.
Dowan casts a spell at you.
You are outlined in light.
Duvessa hits you with a +2 short sword of draining.
You closely miss Dowan.
Dowan is almost dead.
Duvessa hits you with a +2 short sword of draining.
Dowan gestures at you while chanting. The puff of frost hits you. You resist.
Duvessa closely misses you.
You sock Dowan!
You kill Dowan!
Duvessa screams, "No!
How DARE you!"
Duvessa goes berserk!
Duvessa hits you with a +2 short sword of draining. x2
Okay, then.
You sock Duvessa!
Duvessa is moderately wounded.
Duvessa misses you.
Duvessa hits you with a +2 short sword of draining!
You sock Duvessa!
Duvessa is heavily wounded.
Duvessa hits you with a +2 short sword of draining!
* * * LOW HITPOINT WARNING * * *
Duvessa misses you.
You hit Duvessa.
Duvessa is heavily wounded.
Duvessa hits you with a +2 short sword of draining!!
* * * LOW HITPOINT WARNING * * *
Duvessa hits you with a +2 short sword of draining!
You die...
Your body crumbles into a pile of gold.

.. $.......# $ $...
.......## ##.......#
.........
.........##.........
##........##......>.
...##...................
...#...#.......e.....#
....[..#........@..##
#...............$..###
.....................##
# .#...#..#.....$.......
#. #......##............
....#....##..#..........
#..##.................$.
##.....##...........##..
............###.....# ..


You could see Duvessa (berserk, fast).

Vanquished Creatures
  Sigmund (D:5)
  A black bear (D:5)
  2 ogres (D:5)
  2 kobold brigands
  Blork the orc (D:5)
  A phantom (D:4)
  2 scorpions
  Dowan (D:6)
  2 hounds (D:5)
  Terence (D:2)
  2 iguanas (D:5)
  2 orc wizards
  4 gnolls (D:6)
  6 adders
  2 white imps (D:5)
  An ufetubus (D:4)
  7 worms
  2 dart slugs (D:4)
  13 orcs
  9 ball pythons
  4 bats
  4 endoplasms
  8 goblins
  3 hobgoblins
  3 quokkas
  6 frilled lizards
  15 kobolds
  3 rats
108 creatures vanquished.

Notes
Turn   | Place    | Note
-------+----------+-------------------------------------------
     0 | D:1      | concernfroge the Mummy Monk began the quest for the Orb.
     0 | D:1      | Reached XP level 1. HP: 18/18 MP: 1/1
   549 | D:1      | Reached XP level 2. HP: 23/24 MP: 2/2
   846 | D:2      | Noticed Terence
   864 | D:2      | Killed Terence
   865 | D:2      | Reached skill level 4 in Fighting
   865 | D:2      | Gained mutation: You are in touch with the powers of death.
                  | [Mummy growth]
   865 | D:2      | Reached XP level 3. HP: 31/31 MP: 3/3
  1163 | D:2      | Found a shimmering blue altar of Sif Muna.
  1284 | D:2      | Identified the +10 mace of Histrionic Exoneration {vorpal,
                  | rC+ Str+3}
  2076 | D:3      | Reached skill level 5 in Fighting
  2076 | D:3      | Reached XP level 4. HP: 33/39 MP: 4/4
  2153 | D:3      | Found a faded altar of an unknown god.
  2890 | D:4      | Noticed a scorpion
  2900 | D:4      | Killed a scorpion
  2901 | D:4      | Reached XP level 5. HP: 42/46 MP: 5/5
  2932 | D:4      | Reached skill level 6 in Fighting
  2957 | D:4      | Noticed a +0 dagger
  2958 | D:4      | Noticed a +0 short sword
  2958 | D:4      | Noticed a +0 falchion
  2959 | D:4      | Noticed a +0 dagger
  2959 | D:4      | Noticed a +0 short sword
  2959 | D:4      | Noticed a +0 spear
  2961 | D:4      | Noticed a +0 falchion
  2961 | D:4      | Noticed a +0 spear
  2964 | D:4      | Found a hide-covered altar of Uskayaw.
  3026 | D:4      | Identified the +3 ring mail of Lesser Demons {Str+4}
  3159 | D:4      | Noticed a phantom
  3166 | D:4      | Killed a phantom
  3204 | D:4      | Reached XP level 6. HP: 39/53 MP: 6/6
  3373 | D:4      | Found a runed translucent gate.
  3374 | D:4      | Found a runed translucent gate.
  3375 | D:4      | Found a runed translucent gate.
  3376 | D:4      | Noticed IdlyInterested's ghost (amateur DsWn)
  3376 | D:4      | Noticed gdog's ghost (weakling GnDe)
  3572 | D:4      | Found a staircase to the Ecumenical Temple.
  3581 | Temple   | Entered the Ecumenical Temple
  3900 | D:5      | Entered Level 5 of the Dungeon
  3910 | D:5      | Reached skill level 7 in Fighting
  4032 | D:5      | Noticed Sigmund
  4036 | D:5      | Killed Sigmund
  4037 | D:5      | Reached skill level 8 in Fighting
  4037 | D:5      | Reached XP level 7. HP: 58/63 MP: 7/7
  4166 | D:5      | Reached skill level 9 in Fighting
  4511 | D:5      | Found Sabicur's Magic Scroll Emporium.
  4535 | D:5      | Found an opulent altar of Gozag.
  4540 | D:5      | Became a worshipper of Gozag Ym Sagoz the Greedy
  4592 | D:5      | Reached XP level 8. HP: 68/72 MP: 8/8
  4640 | D:5      | Noticed Blork the orc
  4649 | D:5      | Killed Blork the orc
  4650 | D:5      | Reached skill level 10 in Fighting
  4744 | D:6      | Found an iron altar of Okawaru.
  4779 | D:6      | Reached skill level 1 in Maces & Flails
  4919 | D:6      | Noticed Dowan
  4922 | D:6      | Noticed Duvessa
  4929 | D:6      | Killed Dowan
  4932 | D:6      | HP: 2/72 [Duvessa/+2 short sword of draining (18)]
  4932 | D:6      | Mangled by Duvessa

Illustrated notes

Levels and vault maps discovered:
D:1:      psy_arrival_whirlpool, layout_loops_cross
D:2:      layout_basic, basic_altar, uniq_terence
D:3:      layout_basic, chequers_ecumenical_altar_simple_redux
D:4:      layout_loops_ring, nicolae_uskayaw_en_pointe,
          minmay_temple_entry_statues, gammafunk_ghost_cemetery,
          grunt_decor_resistance
D:5:      layout_loops_ring, mainiacjoe_overflow_24_doors, serial_shops,
          nicolae_shop_statue_plus, hex_tiny, uniq_sigmund, uniq_blork_the_orc
D:6:      layout_cave_pools, lemuel_crystal_altar, uniq_duvessa
Temple:   chequers_temple_sunken

Skill      XL: |  1  2  3  4  5  6  7  8 |
---------------+-------------------------+-----
Fighting       | 4 5 6 8 9 10 | 10.0
Maces & Flails | 2 |  2.5
Polearms       | |  2.4
Dodging        | |  2.4
Stealth        | |  1.5

Action                   |  1- 3 |  4- 6 |  7- 9 || total
-------------------------+-------+-------+-------++-------
Melee: Spear             |   141 |       |       ||   141
       Mace              |    13 |   107 |    65 ||   185
       Punch             |     1 |       |       ||     1
  Use: Scroll            |     6 |     2 |     3 ||    11
 Stab: Sleeping          |     4 |       |       ||     4
Armor: Robe              |     2 |       |       ||     2
       Chain mail        |    60 |    11 |       ||    71
       Ring mail         |       |    17 |    27 ||    44
Dodge: Dodged            |    41 |    47 |    61 ||   149

Table legend: (Time is in decaauts)
 A = Elapsed time spent in this place.
 B = Non-inter-level travel time spent in this place.
 C = Inter-level travel time spent in this place.
 D = Time resting spent in this place.
 E = Time spent auto-exploring this place.
 F = Levels seen in this place.
 G = Mean time per level.
                   A        B        C        D        E       F      G
               +--------+--------+--------+--------+--------+-----+--------+
         Total |   5045 |   4616 |    429 |     77 |   3754 |   7 |  720.7 |
       Dungeon |   4837 |   4431 |    406 |     77 |   3575 |   6 |  806.2 |
        Temple |    208 |    186 |     22 |      0 |    178 |   1 |  208.0 |
               +--------+--------+--------+--------+--------+-----+--------+

Top non-repeatable levels by time:
     D:2: 1310 daAuts
     D:4: 1002 daAuts
     D:5: 866 daAuts
     D:1: 748 daAuts
     D:3: 710 daAuts
  Temple: 208 daAuts
     D:6: 197 daAuts
